 Dungeon Crawl Stone Soup version 0.20-a0-1034-gb277f92 (webtiles) character file.

152460 GlasyaLabolas the Minotaur Blade (level 17, -1/160 HPs)
             Began as a Minotaur Monk on Apr 21, 2017.
             Was the Champion of Dithmenos.
             Slain by a double sword of holy wrath (5 damage)
             ... on level 2 of the Elven Halls.
             The game lasted 00:35:30 (28129 turns).

GlasyaLabolas the Minotaur Blade (Minotaur Monk)   Turns: 28129, Time: 00:35:31

Health: -1/160     AC: 21    Str: 23      XL:     17   Next: 2%
Magic:  16/16      EV: 19    Int:  7      God:    Dithmenos [******]
Gold:   2414       SH:  0    Dex: 19 (20) Spells: 16/16 levels left

rFire    + . .     SeeInvis .   w - +9 triple sword (elec)
rCold    . . .     Gourm    .   (shield currently unavailable)
rNeg     . . .     Faith    .   n - +2 chain mail {rF+}
rPois    +         Spirit   .   (helmet restricted)
rElec    .         Reflect  .   I - +0 cloak
rCorr    .         Harm     .   k - +0 pair of gloves
MR       +....                  b - +0 pair of boots
Stlth    ..........             H - amulet of regeneration
Regen    0.8/turn               h - +2 ring of slaying
MPRegen  0.2/turn               t - +3 ring of strength

@: wreathed by umbra
A: retaliatory headbutt, horns 2, rugged brown scales 1, slimy green scales 1,
agile 2, deterioration 1, poison resistance, subdued magic 1
a: Shadow Step, Shadow Form, Renounce Religion


You were on level 2 of the Elven Halls.
You worshipped Dithmenos.
Dithmenos was exalted by your worship.
You were not hungry.

You visited 6 branches of the dungeon, and saw 27 of its levels.

You collected 2854 gold pieces.
You spent 440 gold pieces at shops.

Inventory:

Hand Weapons
 w - a +9 triple sword of electrocution (weapon)
Armour
 b - a +0 pair of boots (worn)
 k - a +0 pair of gloves (worn)
 n - a +2 chain mail of fire resistance (worn)
 I - a +0 cloak (worn)
Jewellery
 h - a +2 ring of slaying (left hand)
 t - a +3 ring of strength (right hand)
 E - an uncursed ring of protection from fire
 H - an amulet of regeneration (around neck)
Wands
 a - a wand of enslavement (5/24)
 c - a wand of lightning (0/15)
 f - a wand of confusion (12/48)
 y - a wand of iceblast (0/15)
 z - a wand of iceblast (15/15)
 C - a wand of scattershot (0/9)
Scrolls
 e - 2 scrolls of magic mapping
 m - 8 scrolls of identify
 r - 5 scrolls of remove curse
 u - 3 scrolls of holy word
 D - 3 scrolls of fear
 L - a scroll of enchant weapon
Potions
 i - 3 potions of lignification
 q - 3 potions of brilliance
 B - 7 potions of flight
 G - a potion of cancellation
Books
 d - a book of Cantrips

   Spells                             Type                      Level
   a - Confusing Touch                Hexes                        1
   b - Animate Skeleton               Necromancy                   1
   c - Summon Small Mammal            Summoning                    1
   d - Apportation                    Translocation                1
 s - a book of Power

   Spells                             Type                      Level
   a - Iskenderun's Battlesphere      Conjuration/Charms           5
   b - Venom Bolt                     Conjuration/Poison           5
   c - Bolt of Magma                  Conjuration/Fire/Earth       5
   d - Iron Shot                      Conjuration/Earth            6
   e - Orb of Destruction             Conjuration                  7
   f - Spellforged Servitor           Conjuration/Summoning        7
 F - a book of Beasts

   Spells                             Type                      Level
   a - Summon Butterflies             Summoning                    1
   b - Call Canine Familiar           Summoning                    3
   c - Summon Ice Beast               Ice/Summoning                4
   d - Summon Mana Viper              Hexes/Summoning              5
   e - Summon Hydra                   Summoning                    7
 K - a book of Debilitation

   Spells                             Type                      Level
   a - Corona                         Hexes                        1
   b - Slow                           Hexes                        2
   c - Inner Flame                    Hexes/Fire                   3
   d - Portal Projectile              Hexes/Translocation          3
   e - Cause Fear                     Hexes                        4
   f - Leda's Liquefaction            Hexes/Earth                  4
Comestibles
 j - 17 royal jellies
 l - 7 meat rations
 o - 4 chunks of flesh
 v - 31 fruits
 x - 3 bread rations


   Skills:
 + Level 15.2 Fighting
 - Level 24.0 Long Blades
 - Level 11.2 Armour
 * Level 16.1 Dodging
 - Level 3.2 Stealth


You had 16 spell levels left.
You didn't know any spells.

Dungeon Overview and Level Annotations

Branches:
Dungeon (15/15)            Temple (1/1) D:4            Lair (6/6) D:9
 Shoals (0/4) Lair:2       Spider (0/4) Lair:2        Slime (1/5) Lair:5
    Orc (2/2) D:11            Elf (2/3) Orc:2        Vaults (0/5) D:14
 Depths (0/5) D:15

Altars:
Ashenzari
Cheibriados
Dithmenos
Elyvilon
Gozag
Hepliaklqana
Makhleb
Nemelex Xobeh
Okawaru
Qazlal
Ru
Sif Muna
Trog
Uskayaw
Vehumet
Yredelemnul
The Shining One
Beogh

Shops:
D:10 }   D:11 }?((   D:15 (   Orc:2 (=:}   Elf:2 %

Annotations:
D:7 1 runed door


Innate Abilities, Weirdness & Mutations

You reflexively headbutt those who attack you in melee.
You have a pair of horns on your head.
You are partially covered in rugged brown scales. (AC +1, +3% HP)
You are partially covered in slimy green scales. (AC +2)
You are very agile. (Dex +4)
Your body sometimes deteriorates upon taking damage.
Your system is resistant to poisons. (rPois)
Your spells are a little easier to cast, but a little less powerful.


Message History

The deep elf mage hits you but does no damage.
The glaive of venom closely misses you.
Unknown command.
The deep elf mage hits you but does no damage.
The double sword of holy wrath hits you.
* * * LOW HITPOINT WARNING * * *
Unknown command.
The double sword of holy wrath misses you.
You riposte.
You hit the double sword of holy wrath but do no damage.
You headbutt the double sword of holy wrath!
The double sword of holy wrath is heavily damaged.
Unknown command.
The double sword of holy wrath hits you!
* * * LOW HITPOINT WARNING * * *
Unknown command.
The deep elf mage gestures wildly while chanting.
The deep elf mage blinks!
The double sword of holy wrath hits you.
You die...

#..###...###..#.....##
#...#.....#...#......##
#.............##......#
##################.....#
###..####.####.####.....##
#.....##...##...##.....##
##.........§....).......##
#.....#....eY...........(##
#...(###Y..((@.....#......#
#...## ##.e(.e....###....##
#...## ##........## ##§.##
#....# #..........# #§§§#
#....###...........#§§§§.#
#....Y#................§..#
#........................##
#.......................##
#....................e..#


You could see 3 deep elf magi, 2 ice beasts and 3 dancing weapons.

Vanquished Creatures
  Louise (D:15)
  2 ghouls (D:15)
  The ghost of elan the Grappler, a journeyman VSTm of Cheibriados (D:13)
  Azrael (D:12)
  3 deep elf demonologists (Elf:1)
  A fire dragon (Lair:6)
  A yaktaur captain (D:15)
  2 ogre magi
  Fannar (D:12)
  10 hydras
  A catoblepas (D:13)
  3 centaur warriors
  The ghost of espais the Cleaver, a journeyman GrFi of Ru (Lair:1)
  12 two-headed ogres
  19 dancing weapons
  3 death yaks (D:9)
  14 deep elf knights
  Nergalle (Lair:2)
  The ghost of GlasyaLabolas the Nimble, a novice MiMo (D:10)
  A fire crab (D:14)
  3 skeletal warriors (D:15)
  4 unseen horrors
  14 deep elf archers
  Pikel (D:4)
  11 orc knights
  A lindwurm (Lair:6)
  A wolf spider (D:15)
  44 deep elf magi
  3 manticores
  4 orc sorcerers
  2 wolf spider zombies
  3 cyclopes
  4 ugly things
  8 elephants
  4 black mambas
  Maurice (D:12)
  2 merfolk sirens (Lair:2)
  10 spiny frogs
  2 gargoyles (D:13)
  4 torpor snails (Lair:6)
  A spiny frog (shapeshifter) (Elf:1)
  4 rime drakes
  9 komodo dragons
  A yaktaur (D:15)
  2 merfolk (Lair:2)
  A harpy zombie (D:13)
  4 trolls
  3 tyrant leeches (Lair:6)
  11 hornets
  9 polar bears (Lair:6)
  Grinder (D:4)
  A meliai zombie (D:15)
  19 slime creatures
  19 blink frogs
  Prince Ribbit (D:6)
  12 dream sheep
  9 hippogriffs
  3 air elementals (Elf:2)
  Sigmund (D:5)
  30 yaks
  2 wyverns
  5 water elementals
  2 basilisks
  4 fire elementals
  A golden eye (Slime:1)
  5 hungry ghosts
  The ghost of EyeSore the Sneak, an amateur DsAs of Dithmenos (D:3)
  4 vampire mosquitoes (D:13)
  Edmund (D:5)
  10 wargs
  8 swamp worms (Lair:2)
  A two-headed ogre zombie (D:11)
  2 acid dragons
  A soldier ant (D:13)
  13 water moccasins
  Duvessa (D:4)
  5 porcupines
  17 hell hounds
  36 orc warriors
  A hornet zombie (D:14)
  A sky beast (D:9)
  12 black bears
  2 phantoms
  A slave (D:4)
  11 ogres
  A necrophage (D:12)
  20 wolves (Lair:6)
  11 centaurs
  A big kobold (D:12)
  11 crocodiles
  19 bullfrogs
  2 earth elementals (Elf:1)
  Blork the orc (D:5)
  Dowan (D:4)
  4 scorpions
  4 killer bees (D:8)
  2 troll zombies (D:11)
  8 howler monkeys
  An electric eel (D:15)
  5 crimson imps
  10 centaur zombies
  6 bullfrog skeletons
  6 orc priests
  8 centaur skeletons
  A gnoll shaman (D:6)
  6 hounds
  5 jellies
  17 orc wizards
  Natasha (thrice) (D:2)
  4 iguanas
  12 worker ants
  A killer bee zombie (D:9)
  5 ogre zombies (D:11)
  2 hound skeletons
  2 mummies (D:15)
  A worker ant zombie (D:11)
  12 gnolls
  16 adders
  5 oozes (D:8)
  2 adder skeletons
  12 worms
  The ghost of shaftrobin the Shield-Bearer, a weakling FoFi (D:15)
  The ghost of shaftrobin the Shield-Bearer, a weakling FoFi (D:15)
  2 dart slugs (D:1)
  6 leopard geckos
  55 orcs
  A ball python (D:3)
  5 giant cockroaches
  5 goblins
  2 hobgoblins
  7 jackals
  4 quokkas
  4 bats
  4 frilled lizards
  A giant cockroach zombie (D:6)
  3 goblin zombies (D:11)
  14 kobolds
  A leopard gecko skeleton (D:6)
  A leopard gecko zombie (D:8)
  3 orc skeletons (D:11)
  19 orc zombies (D:11)
  2 quokka skeletons
  A quokka zombie (D:5)
  6 rats
868 creatures vanquished.

Vanquished Creatures (others)
  15 fungi
  29 plants
44 creatures vanquished.

Grand Total: 912 creatures vanquished

Notes
Turn   | Place    | Note
-------+----------+-------------------------------------------
     0 | D:1      | GlasyaLabolas the Minotaur Monk began the quest for the Orb.
     0 | D:1      | Reached XP level 1. HP: 22/22 MP: 0/0
   188 | D:1      | Reached skill level 5 in Fighting
   259 | D:1      | Reached XP level 2. HP: 19/29 MP: 1/1
  1014 | D:2      | Reached XP level 3. HP: 33/36 MP: 2/2
  1062 | D:2      | Noticed Natasha
  1067 | D:2      | Killed Natasha
  1067 | D:2      | Reached skill level 5 in Dodging
  1224 | D:2      | Noticed Natasha
  1233 | D:2      | Killed Natasha
  1233 | D:2      | Reached XP level 4. HP: 43/44 MP: 3/3
  1370 | D:2      | Noticed Natasha
  1381 | D:2      | Killed Natasha
  2002 | D:3      | Reached XP level 5. HP: 46/51 MP: 4/4
  2128 | D:3      | Found a basalt altar of Yredelemnul.
  2128 | D:3      | Found a hazy altar of Hepliaklqana.
  2233 | D:3      | Noticed EyeSore's ghost (amateur DsAs)
  2247 | D:3      | Killed EyeSore's ghost
  2247 | D:3      | Reached XP level 6. HP: 51/60 MP: 5/5
  2323 | D:3      | Found a burning altar of Makhleb.
  2487 | D:4      | Noticed Grinder
  2597 | D:4      | Paralysed by Grinder for 7 turns
  2616 | D:4      | Killed Grinder
  2616 | D:4      | Reached XP level 7. HP: 29/68 MP: 6/6
  3167 | D:4      | Found a staircase to the Ecumenical Temple.
  3176 | Temple   | Entered the Ecumenical Temple
  3232 | Temple   | Became a worshipper of Dithmenos the Shadowed
  3232 | Temple   | Reached * piety under Dithmenos
  3232 | Temple   | Reached ** piety under Dithmenos
  3299 | D:4      | Noticed Duvessa
  3300 | D:4      | Noticed Dowan
  3314 | D:4      | Killed Duvessa
  3315 | D:4      | Killed Dowan
  3467 | D:4      | Reached XP level 8. HP: 43/78 MP: 7/7
  3720 | D:4      | Noticed Pikel
  3730 | D:4      | Killed Pikel
  3730 | D:4      | Reached skill level 10 in Fighting
  3743 | D:4      | Found a shattered altar of Ashenzari.
  3903 | D:4      | Gained mutation: Your spells are a little easier to cast, but a little less powerful. [potion of mutation]
  3903 | D:4      | Lost mutation: Your spells are a little easier to cast, but a little less powerful. [potion of mutation]
  3903 | D:4      | Gained mutation: You are resistant to electric shocks. (rElec) [potion of mutation]
  3935 | D:5      | Entered Level 5 of the Dungeon
  4032 | D:5      | Noticed Sigmund
  4040 | D:5      | Killed Sigmund
  4066 | D:5      | Noticed Blork the orc
  4071 | D:5      | Killed Blork the orc
  4095 | D:5      | Noticed Edmund
  4104 | D:5      | Killed Edmund
  4104 | D:5      | Reached skill level 10 in Dodging
  4104 | D:5      | Reached XP level 9. HP: 86/86 MP: 8/8
  4288 | D:5      | Found a sparkling altar of Nemelex Xobeh.
  4600 | D:6      | Reached *** piety under Dithmenos
  5137 | D:6      | Noticed Prince Ribbit
  5145 | D:6      | Killed Prince Ribbit
  5377 | D:6      | Gained mutation: Your magical capacity is low. (-10% MP) [potion of mutation]
  5377 | D:6      | Gained mutation: You have sharp fingernails. [potion of mutation]
  5377 | D:6      | Gained mutation: You are partially covered in rugged brown scales. (AC +1, +3% HP) [potion of mutation]
  5378 | D:6      | Lost mutation: Your magical capacity is low. (-10% MP) [potion of mutation]
  5378 | D:6      | Lost mutation: You are resistant to electric shocks. (rElec) [potion of mutation]
  5378 | D:6      | Lost mutation: You have sharp fingernails. [potion of mutation]
  5378 | D:6      | Lost mutation: You are partially covered in rugged brown scales. (AC +1, +3% HP) [potion of mutation]
  5378 | D:6      | Gained mutation: You are agile. (Dex +2) [potion of mutation]
  5378 | D:6      | Gained mutation: Armour fits poorly on your strangely shaped body. [potion of mutation]
  5378 | D:6      | Lost mutation: Armour fits poorly on your strangely shaped body. [potion of mutation]
  5378 | D:6      | Gained mutation: You are partially covered in iridescent scales. (AC +2) [potion of mutation]
  5529 | D:6      | Noticed a two-headed ogre
  5541 | D:6      | Killed a two-headed ogre
  5881 | D:7      | Reached skill level 1 in Armour
  6078 | D:7      | Reached XP level 10. HP: 95/100 MP: 9/9
  6205 | D:7      | Found a runed door.
  6214 | D:7      | Noticed a sixfirhy
  6568 | D:8      | Noticed a two-headed ogre
  6581 | D:8      | Noticed a two-headed ogre
  6593 | D:8      | Killed a two-headed ogre
  6593 | D:8      | Reached skill level 5 in Armour
  6597 | D:8      | Killed a two-headed ogre
  6685 | D:8      | Found a sacrificial altar of Ru.
  6722 | D:8      | Killed an unseen horror
  6793 | D:8      | Reached **** piety under Dithmenos
  6804 | D:8      | Reached skill level 1 in Long Blades
  7192 | D:8      | Reached skill level 2 in Long Blades
  7373 | D:8      | Reached skill level 3 in Long Blades
  7528 | D:9      | Reached skill level 4 in Long Blades
  7647 | D:9      | Noticed a death yak
  7648 | D:9      | Found a staircase to the Lair.
  7648 | D:9      | Noticed a death yak
  7648 | D:9      | Noticed a two-headed ogre
  7651 | D:9      | Noticed a death yak
  7681 | D:9      | Killed a death yak
  7681 | D:9      | Reached skill level 5 in Long Blades
  7681 | D:9      | Reached XP level 11. HP: 59/105 MP: 10/10
  7697 | D:9      | Killed a death yak
  7697 | D:9      | Reached skill level 10 in Armour
  7747 | D:9      | Killed a two-headed ogre
  7747 | D:9      | Reached skill level 6 in Long Blades
  8241 | D:9      | Killed a death yak
  8241 | D:9      | Reached skill level 7 in Long Blades
  8530 | D:9      | Reached skill level 8 in Long Blades
  8602 | D:9      | Reached ***** piety under Dithmenos
  8783 | D:9      | Noticed a two-headed ogre
  8791 | D:9      | Killed a two-headed ogre
  8791 | D:9      | Reached skill level 9 in Long Blades
  8898 | Lair:1   | Entered Level 1 of the Lair of Beasts
  8959 | Lair:1   | Noticed espais's ghost (journeyman GrFi)
  8992 | Lair:2   | Reached skill level 10 in Long Blades
 10086 | Lair:1   | Reached skill level 11 in Long Blades
 10327 | Lair:2   | Found a hole to the Spider Nest.
 10580 | Lair:2   | Reached XP level 12. HP: 68/113 MP: 11/11
 10782 | Lair:2   | Reached skill level 12 in Long Blades
 11166 | Lair:2   | Found a staircase to the Shoals.
 11261 | Lair:2   | Noticed Nergalle
 11277 | Lair:2   | Killed Nergalle
 11277 | Lair:2   | Reached skill level 13 in Long Blades
 11895 | Lair:2   | Noticed a six-headed hydra
 12430 | Lair:3   | Reached skill level 14 in Long Blades
 12771 | Lair:4   | Reached skill level 15 in Long Blades
 13412 | Lair:5   | Noticed an eight-headed hydra
 13422 | Lair:5   | Killed an 11-headed hydra
 13440 | Lair:5   | Reached skill level 16 in Long Blades
 13456 | Lair:5   | Noticed a six-headed hydra
 14103 | Lair:4   | Reached XP level 13. HP: 118/119 MP: 12/12
 14389 | Lair:5   | Identified a scroll of acquirement
 14479 | Lair:5   | Found a staircase to the Slime Pits.
 14827 | Lair:6   | Entered Level 6 of the Lair of Beasts
 14910 | Lair:6   | Reached ****** piety under Dithmenos
 15025 | Lair:1   | Killed espais's ghost
 15991 | D:10     | Entered Level 10 of the Dungeon
 16242 | D:10     | Found Aryhuita's Gadget Boutique.
 16314 | D:10     | Noticed GlasyaLabolas's ghost (novice MiMo)
 16322 | D:10     | Killed GlasyaLabolas's ghost
 16566 | D:11     | Found Echome Temip's Weapon Shop.
 16600 | D:11     | Found Tekuur's Magic Scroll Emporium.
 16648 | D:11     | Found Hacir's Gadget Emporium.
 16726 | D:11     | Found Fuozoufu's Antique Weapon Shoppe.
 16750 | D:11     | Found a staircase to the Orcish Mines.
 17379 | D:12     | Noticed Maurice
 17399 | D:12     | Killed Maurice
 17401 | D:12     | Reached skill level 17 in Long Blades
 17545 | D:12     | Noticed Fannar
 17555 | D:12     | Killed Fannar
 17571 | D:12     | Noticed Azrael
 17979 | D:12     | Killed Azrael
 17989 | D:12     | Reached XP level 14. HP: 99/129 MP: 13/13
 18489 | D:12     | Reached skill level 18 in Long Blades
 18719 | D:13     | Noticed elan's ghost (journeyman VSTm)
 18734 | D:13     | Killed elan's ghost
 19417 | D:13     | Reached skill level 19 in Long Blades
 20015 | D:14     | Found a gate to the Vaults.
 20199 | D:14     | Reached skill level 20 in Long Blades
 20293 | D:14     | Gained mutation: Your spells are a little easier to cast, but a little less powerful. [mutagenic meat]
 20294 | D:14     | Gained mutation: You are partially covered in slimy green scales. (AC +2) [mutagenic meat]
 20295 | D:14     | Gained mutation: Your body sometimes deteriorates upon taking damage. [mutagenic meat]
 20296 | D:14     | Gained mutation: Your system is resistant to poisons. (rPois) [mutagenic meat]
 20663 | D:15     | Entered Level 15 of the Dungeon
 20664 | D:15     | Found Metacw's Antique Weapon Boutique.
 20717 | D:15     | Noticed Louise
 20729 | D:15     | Killed Louise
 20755 | D:15     | Noticed a ghoul
 20851 | D:15     | Noticed shaftrobin's ghost (weakling FoFi)
 20857 | D:15     | Killed shaftrobin's ghost
 20957 | D:15     | Noticed shaftrobin's ghost (weakling FoFi)
 20960 | D:15     | Killed shaftrobin's ghost
 20981 | D:15     | Noticed a ghoul
 21002 | D:15     | Killed a ghoul
 21002 | D:15     | Reached skill level 21 in Long Blades
 21002 | D:15     | Reached XP level 15. HP: 82/136 MP: 14/14
 21304 | D:15     | Found a staircase to the Depths.
 21758 | Lair:6   | Found an opulent altar of Gozag.
 22108 | Lair:6   | Lost mutation: Your body sometimes deteriorates upon taking damage. [potion of mutation]
 22108 | Lair:6   | Lost mutation: You are partially covered in iridescent scales. (AC +2) [potion of mutation]
 22108 | Lair:6   | Gained mutation: Your body sometimes deteriorates upon taking damage. [potion of mutation]
 22108 | Lair:6   | Gained mutation: You are very agile. (Dex +4) [potion of mutation]
 22108 | Lair:6   | Gained mutation: You are partially covered in rugged brown scales. (AC +1, +3% HP) [potion of mutation]
 22308 | Lair:6   | Reached skill level 22 in Long Blades
 22631 | Lair:6   | Found a runed door.
 22925 | Slime:1  | Entered Level 1 of the Pits of Slime
 22925 | Slime:1  | Noticed an acid blob
 23014 | Lair:1   | Reached skill level 23 in Long Blades
 23110 | Orc:1    | Entered Level 1 of the Orcish Mines
 23372 | Orc:2    | Entered Level 2 of the Orcish Mines
 23516 | Orc:2    | Found Copros's Gadget Boutique.
 23516 | Orc:2    | Found Dudokk Hounu's Book Shoppe.
 23857 | Orc:2    | Found a roughly hewn altar of Beogh.
 23891 | Orc:2    | Found Zaler's Jewellery Boutique.
 23891 | Orc:2    | Found Ynyedu's Weapon Shoppe.
 23934 | Orc:2    | Reached XP level 16. HP: 51/148 MP: 15/15
 23946 | Orc:2    | Bought an uncursed amulet of rage for 440 gold pieces
 24291 | Orc:2    | Found a staircase to the Elven Halls.
 24512 | Elf:1    | Entered Level 1 of the Elven Halls
 25169 | Elf:1    | Reached skill level 24 in Long Blades
 25544 | Elf:1    | Noticed a Hell Sentinel
 25545 | Elf:1    | Noticed a Brimstone Fiend
 26052 | Elf:1    | Noticed an Ice Fiend
 26056 | Elf:1    | Noticed a Brimstone Fiend
 27018 | Elf:2    | Found Ysaiq's Food Shop.
 27064 | Elf:2    | Reached skill level 15 in Dodging
 27066 | Elf:2    | Found a huge runed gate.
 27073 | Elf:2    | Found a huge runed gate.
 27073 | Elf:2    | Found a huge runed gate.
 27074 | Elf:2    | Found a huge runed gate.
 27074 | Elf:2    | Found a huge runed gate.
 27911 | Elf:2    | Reached skill level 15 in Fighting
 28085 | Elf:2    | Reached XP level 17. HP: 99/160 MP: 16/16
 28106 | Elf:2    | HP: 4/160 [glaive of venom (23)]
 28128 | Elf:2    | HP: 3/160 [double sword of holy wrath (13)]
 28129 | Elf:2    | Slain by a double sword of holy wrath

Vault maps used:
D:1:      mushboom_english_gardens, minmay_misc_feat_columns,
          minmay_misc_feat_room, minmay_pentomino_s2
D:2:      uniq_natasha
D:3:      lemuel_round_altar, gammafunk_temple_overflow_elements
D:4:      overflow_temple_1_default, minmay_temple_entry_statues_fountains,
          uniq_grinder, uniq_pikel, uniq_duvessa
D:5:      cheibrodos_quashed, kennysheep_mini_moat, first_bread,
          uniq_blork_the_orc, uniq_sigmund, uniq_edmund
D:6:      uniq_prince_ribbit1
D:7:      cheibrodos_shockbox
D:8:      hangedman_ru_absence, hangedman_little_slice_of_home
D:9:      dpeg_lair_monsters
D:10:     serial_shops, shop
D:11:     zombieorc2_lemuel, serial_shops, shop, shop_fountains, shop,
          nicolae_shop_crystal
D:12:     uniq_fannar, uniq_azrael, uniq_maurice
D:14:     david_vaults_2, hangedman_decor_opposing
D:15:     grunt_enter_depths_snipers, serial_shops, shop, serial_undead,
          serial_undead_f, serial_undead_b, serial_undead_f, serial_undead_f,
          minmay_misc_feat_four_crosses, abandoned_shop, uniq_louise
Temple:   kb_temple_of_zot
Lair:1:   nicolae_lair_grove_arrangements, minivault_27, grunt_megastairs_4,
          serial_bayou_shore_b
Lair:2:   elwin_shoals_entry_stream, nicolae_spider_entry_non_spiders,
          worms_lemuel, uniq_nergalle
Lair:5:   slime_dummy, wad_woods_road_04, lemuel_fruit_tree
Lair:6:   wormcave, hangedman_lair_caniforms_friends, basic_altar, st_stairs_9,
          grunt_megastairs_2, lemuel_fruit_fields
Slime:1:  basic_altar
Orc:1:    basic_altar
Orc:2:    st_orc_town, nicolae_orc_crystal_geode
Elf:1:    elf_arrival_002, orc_legates
Elf:2:    serial_shops, shop

Skill      XL: |  1  2  3  4  5  6  7  8  9 10 11 12 13 14 15 16 |
---------------+-------------------------------------------------+-----
Fighting       | 5 6 7 8 9 10 12 13 15 | 15.2
Dodging        | 5 6 7 8 10 11 13 16 | 16.1
Armour         | 2 9 11 | 11.2
Long Blades    | 5 11 16 17 21 23 24 | 24.0
Stealth        | |  3.2

Action                   |  1- 3 |  4- 6 |  7- 9 | 10-12 | 13-15 | 16-18 || total
-------------------------+-------+-------+-------+-------+-------+-------++-------
Melee: Unarmed           |    41 |       |       |       |       |       ||    41
       Headbutt          |    12 |    21 |    54 |   209 |   264 |    85 ||   645
       Short sword       |    26 |    12 |       |       |       |       ||    38
       Dagger            |       |    78 |   199 |    60 |       |       ||   337
       Falchion          |       |       |       |    44 |       |       ||    44
       Long sword        |       |       |       |   353 |       |       ||   353
       Great sword       |       |       |       |   106 |     4 |       ||   110
       Double sword      |       |       |       |       |   166 |       ||   166
       Triple sword      |       |       |       |       |   638 |   275 ||   913
Evoke: Wand              |       |       |       |     8 |       |       ||     8
  Use: Scroll            |       |     5 |    12 |    13 |    20 |    12 ||    62
       Potion            |       |     6 |     5 |    14 |     9 |     8 ||    42
 Stab: Sleeping          |     4 |     2 |       |       |    18 |     1 ||    25
       Invisible         |       |       |       |    17 |     1 |       ||    18
       Distracted        |       |       |       |       |     6 |     1 ||     7
  Eat: Chunk             |       |     2 |     4 |    11 |    15 |     4 ||    36
       Meat ration       |       |     1 |       |       |     2 |       ||     3
       Bread ration      |       |       |     2 |     3 |       |       ||     5
       Royal jelly       |       |       |       |       |     9 |     5 ||    14
Armor: Robe              |     4 |       |       |       |       |       ||     4
       Ring mail         |     9 |    12 |       |       |    22 |       ||    43
       Scale mail        |       |    17 |    63 |   171 |    59 |       ||   310
       Acid dragon scale |       |       |       |       |   122 |    34 ||   156
       Skin              |       |       |       |       |     6 |       ||     6
       Chain mail        |       |       |       |       |       |    61 ||    61
Dodge: Dodged            |    58 |    69 |   221 |   573 |   887 |   312 ||  2120
       Rpst.: Long sword |       |       |       |    90 |       |       ||    90
       Falchion          |       |       |       |     5 |       |       ||     5
       Great sword       |       |       |       |    33 |     1 |       ||    34
       Double sword      |       |       |       |       |    35 |       ||    35
       Triple sword      |       |       |       |       |   151 |    62 ||   213
